 Dungeon Crawl Stone Soup version 0.23.2-30-g0e89c35649 (webtiles) character file.

Game seed: 9339829142017362379

67 Kobolds4U the Caller (level 3, 0/19 HPs)
             Began as a Deep Elf Summoner on June 18, 2019.
             Was an Initiate of Ashenzari.
             Succumbed to an adder's poison
             ... on level 2 of the Dungeon.
             The game lasted 00:06:44 (2124 turns).

Kobolds4U the Caller (Deep Elf Summoner)            Turns: 2124, Time: 00:06:45

Health: 0/19       AC:  3    Str:  6    XL:     3   Next: 98%
Magic:  10/10      EV: 13    Int: 24    God:    Ashenzari [......]
Gold:   43         SH:  0    Dex: 15    Spells: 7/10 levels left

rFire    . . .     SeeInvis .   a - +0 rapier
rCold    . . .     Gourm    .   (no shield)
rNeg     . . .     Faith    .   n - +0 robe
rPois    .         Spirit   .   (no helmet)
rElec    .         Reflect  .   (no cloak)
rCorr    .         Harm     .   (no gloves)
MR       .....                  k - +0 pair of boots (curse)
Stlth    +++.......             l - amulet of magic regeneration
HPRegen  0.06/turn              j - ring of stealth
MPRegen  0.37/turn              (no ring)

@: brilliant, lethally poisoned (0 -> -4)
A: no striking features
a: Curse Item, Renounce Religion


You were on level 2 of the Dungeon.
You worshipped Ashenzari.
Ashenzari was noncommittal.
You were not hungry.

You visited 1 branch of the dungeon, and saw 2 of its levels.

You collected 43 gold pieces.

Inventory:

Hand Weapons
 a - a +0 rapier (weapon)
 h - a +0 dagger
Missiles
 m - 49 arrows
Armour
 k - a cursed +0 pair of boots (worn)
 n - a +0 robe (worn)
 o - a +0 large shield of protection
Jewellery
 j - a ring of stealth (left hand)
 l - an amulet of magic regeneration (around neck)
Scrolls
 b - 2 scrolls of noise
 e - 4 scrolls of identify
 f - a scroll of enchant weapon {unknown}
 g - a scroll of amnesia {unknown}
 i - a scroll of enchant armour {unknown}
 p - a scroll of teleportation {unknown}
 q - a scroll of random uselessness {unknown}
Comestibles
 c - 6 rations


   Skills:
 - Level 2.4 Dodging
 - Level 2.4 Stealth
 + Level 4.1 Spellcasting
 * Level 5.6 Summonings


You had 7 spell levels left.
You knew the following spells:

 Your Spells              Type           Power        Failure   Level  Hunger
a - Call Imp              Summ           #####...     1%          2    #......
b - Summon Small Mammal   Summ           ####         1%          1    None

Your spell library contained the following spells:

 Spells                   Type           Power        Failure   Level  Hunger
 Call Canine Familiar     Summ           #####...     1%          3    ##.....
 Summon Guardian Golem    Hex/Summ       ####....     1%          3    ##.....
 Summon Ice Beast         Ice/Summ       ####....     3%          4    ####...
 Summon Lightning Spire   Summ/Air       ####....     3%          4    ####...


Dungeon Overview and Level Annotations

Branches:
Dungeon (2/15)

Altars:
Ashenzari
Zin

Shops:
D:2 *


Message History

* * * LOW HITPOINT WARNING * * *
Casting: Call Imp (safe; 1% risk of failure)
Confirm with . or Enter, or press ? or * to list all spells.
The adder barely misses you.
It was a potion of brilliance.
You feel clever all of a sudden. The adder bites you but does no damage.
Your quokka bites the adder.
The adder dies!
As you read the scroll labeled ZYNE QEFYTWALE, it crumbles to dust.
It is a scroll of identify.
b - 2 scrolls of noise
* * * LOW HITPOINT WARNING * * *
You feel sick.
Casting: Summon Small Mammal (safe; 1% risk of failure)
Confirm with . or Enter, or press ? or * to list all spells.
Okay, then.
Memorise Summon Guardian Golem, consuming 3 spell levels and leaving 4?
You start memorising the spell.
You continue memorising. x2
Your memorisation is interrupted.
You die...

##................##.#
#...######.##.##.## ..
#...# #.##.##.# ##
#...# #.##.##.. ##.##
#.##.##.##
##.#######..#.##.####.#
............#.........#
............####r####.#
.............# #@#
...........#.# #.#
##'#########.###.#
#.#########..##.#
#.##.......#.##.###
#.##.......#.##...#
#.##.......#.##.###
##.##.......#..#.#
...##.......##.#.#


You could see a friendly quokka.

Vanquished Creatures
  An adder (D:2)
  A bat (D:2)
  A hobgoblin (D:2)
  A ball python (D:2)
4 creatures vanquished.

Vanquished Creatures (collateral kills)
  5 adders (D:2)
  A worm (D:2)
  4 dart slugs
  3 leopard geckos (D:1)
  A giant cockroach (D:1)
  3 goblins (D:1)
  3 hobgoblins
  4 bats
  2 frilled lizards
  5 kobolds (D:1)
  4 rats (D:1)
35 creatures vanquished.

Grand Total: 39 creatures vanquished

Notes
Turn   | Place    | Note
-------+----------+-------------------------------------------
     0 | D:1      | Kobolds4U the Deep Elf Summoner began the quest for the
                  | Orb.
     0 | D:1      | Reached XP level 1. HP: 10/10 MP: 6/6
   407 | D:1      | Reached XP level 2. HP: 13/15 MP: 5/8
   747 | D:1      | Learned a level 2 spell: Call Imp
   753 | D:1      | Reached skill level 5 in Summonings
  1262 | D:2      | Reached XP level 3. HP: 19/19 MP: 7/10
  1769 | D:2      | Found Zin's Purification Station.
  1771 | D:2      | Found a glowing silver altar of Zin.
  1829 | D:2      | Found a shattered altar of Ashenzari.
  1836 | D:2      | Became a worshipper of Ashenzari the Shackled
  2124 | D:2      | Succumbed to an adder's poison

Skill      XL: |  1  2  3 |
---------------+----------+-----
Summonings     | 5 |  5.6
Spellcasting   | 4 |  4.1
Dodging        | |  2.4
Stealth        | |  2.4

Action                   || total
-------------------------++-------
Melee: Unarmed           ||     8
       Dagger            ||     7
       Rapier            ||    13
 Cast: Summon Small Mamm ||    43
       Call Imp          ||     7
  Use: Scroll            ||     1
       Potion            ||     1
 Stab: Sleeping          ||     5
  Eat: Chunk             ||     4
Armor: Robe              ||     6
Dodge: Dodged            ||    25
